 Dungeon Crawl Stone Soup version 0.28-a0-1404-g4df0f3684d (webtiles) character file.

Game seed: 4475029210072532966

60 dracfodder the Chiller (level 3, -2/26 HPs)
             Began as a Draconian Ice Elementalist on Jan 5, 2022.
             Slain by an ogre (8 damage)
             ... on level 4 of the Dungeon.
             The game lasted 00:16:34 (3563 turns).

dracfodder the Chiller (Draconian Ice Elementalist) Turns: 3563, Time: 00:16:35

Health: -2/26      AC: 11    Str: 10    XL:     3   Next: 82%
Magic:  1/7        EV: 12    Int: 17    God:
Gold:   89         SH:  0    Dex: 11    Spells: 0/7 levels left

rFire   . . .      SeeInvis .   a - +0 flail
rCold   . . .      Faith    .   (no shield)
rNeg    . . .      Spirit   .   (armour unavailable)
rPois   .          Reflect  .   (helmet restricted)
rElec   .          Harm     .   (no cloak)
rCorr   .          Rampage  .   (no gloves)
Will    .....                   (no boots)
Stlth   ++........              (no amulet)
HPRegen 0.08/turn               (no ring)
MPRegen 0.10/turn               (no ring)

@: ice-armoured
A: AC +5, unfitting armour, cold-blooded
a: no special abilities


You were on level 4 of the Dungeon.
You visited 1 branch of the dungeon, and saw 5 of its levels.

You collected 103 gold pieces.
You spent 14 gold pieces at shops.

Inventory:

Hand Weapons
 a - a +0 flail (weapon)
Missiles
 d - 27 stones
 g - 19 sling bullets
Jewellery
 c - a ring of protection from fire
Wands
 k - a wand of flame (15)
Scrolls
 i - a scroll of identify
 j - a scroll of immolation {unknown}
Potions
 b - a potion of magic {unknown}
 e - a potion of curing
 f - a potion of flight
 h - a potion of brilliance {unknown}


   Skills:
 + Level 0.2 Fighting
 + Level 1.8 Dodging
 + Level 1.9 Stealth
 * Level 2.9 Spellcasting
 * Level 4.8 Ice Magic


You couldn't memorise any spells.
You knew the following spells:

 Your Spells              Type           Power      Damage    Failure   Level
a - Freeze                Ice            72%        1d9       2%          1
b - Frozen Ramparts       Ice            36%        1d5       8%          3
c - Ozocubu's Armour      Ice            18%        N/A       8%          3

Your spell library contained the following spells:

 Spells                   Type           Power      Damage    Failure   Level
 Hailstorm                Conj/Ice       10%        3d5       54%         4


Dungeon Overview and Level Annotations

Branches:
Dungeon (5/15)
 Temple: D:4-7

Altars:
Hepliaklqana

Shops:
D:1 (   D:2 !

Annotations:
D:3 Sigmund


Innate Abilities, Weirdness & Mutations

Your plain brown scales are hard. (AC +5)
You cannot fit into any form of body armour.
You are cold-blooded and may be slowed by cold attacks.


Message History

Casting: Frozen Ramparts (quite dangerous; 8% risk of failure)
Press: ? - help, Dir - look around, f - activate The walls around you are covered in ice.
The wall freezes the ball python.
You kill the ball python!
You start resting.
The frozen ramparts melt away.
Magic restored.
An ogre comes into view. It is wielding a +0 giant club.
The ogre shouts!
Casting: Frozen Ramparts (quite dangerous; 8% risk of failure)
Confirm with . or Enter, or press ? or * to list all spells.
The spell is quite dangerous to miscast (8% risk of failure)!
Continue anyway?
A film of ice covers your body!
Casting: Ozocubu's Armour (quite dangerous; 8% risk of failure)
Confirm with . or Enter, or press ? or * to list all spells.
The spell is quite dangerous to miscast (8% risk of failure)!
Continue anyway?
Casting: Frozen Ramparts (quite dangerous; 8% risk of failure)
Press: ? - help, Dir - look around, f - activate The walls around you are covered in ice.
The wall freezes the ogre.
You sock the ogre!
The ogre is moderately wounded.
The wall freezes the ogre.
The ogre barely misses you.
You hit the ogre.
The ogre is heavily wounded.
The wall freezes the ogre.
The ogre hits you with a +0 giant club!!
Ouch! That really hurt!
* * * LOW HITPOINT WARNING * * *
You hit the ogre.
The ogre is severely wounded.
The wall freezes the ogre.
The ogre misses you.
You hit the ogre but do no damage.
The ogre is almost dead.
The wall freezes the ogre.
The ogre closely misses you.
You completely miss the ogre.
The ogre is almost dead.
The frozen ramparts melt away.
The ogre hits you with a +0 giant club!
You die...

##.# #.# #.#
##.####.# #.#
#......O# #.#
##.#....... #.#
#O#.#####. #.#
#.#.# # #.#.#
#####.#####...#
.......@O...###
#############


You could see an ogre.

Vanquished Creatures
  A dart slug (D:2)
  5 orcs (D:4)
  5 bats (D:1)
  5 endoplasms
  A giant cockroach (D:1)
  5 goblins (D:1)
  4 hobgoblins
  2 jackals (D:1)
  4 kobolds
  2 quokkas
  5 ball pythons
  A frilled lizard (D:1)
  A quokka skeleton (D:4)
  3 rats
44 creatures vanquished.

Notes
Turn   | Place    | Note
-------+----------+-------------------------------------------
     0 | D:1      | dracfodder the Draconian Ice Elementalist began the quest
                  | for the Orb.
     0 | D:1      | Reached XP level 1. HP: 14/14 MP: 3/3
   298 | D:1      | Reached XP level 2. HP: 20/20 MP: 1/5
   956 | D:1      | Reached XP level 3. HP: 26/26 MP: 4/6
  1166 | D:1      | Found Atoys's Weapon Emporium.
  1271 | D:1      | Learned a level 3 spell: Frozen Ramparts
  1275 | D:1      | Learned a level 3 spell: Ozocubu's Armour
  1807 | D:2      | Found Cijasem's Distillery.
  1815 | D:2      | Bought a potion of degeneration for 14 gold pieces
  2856 | D:3      | Noticed Sigmund
  2947 | D:4      | Noticed a necrophage
  2992 | D:5      | Entered Level 5 of the Dungeon
  3327 | D:4      | Found a hazy altar of Hepliaklqana.
  3545 | D:4      | Noticed an ogre
  3563 | D:4      | Slain by an ogre

Illustrated notes

Levels and vault maps discovered:
D:1:      nzn_arrival_water_spiral, layout_basic, serial_shops, shop
D:2:      layout_basic, serial_shops, nicolae_shop_crystal
D:3:      layout_basic, makhleb_altar_promises_db, mainiacjoe_overflow_alcove_2,
          hellmonk_ecumenical_altar_leap_of_faith, uniq_jessica, uniq_sigmund
D:4:      layout_loops_ring, cheibrodos_worm_habitat,
          worldfamousw_hep_ancestral_shrine, mainiacjoe_overflow_alcove_1,
          kennysheep_little_box, minmay_close_crescents
D:5:      layout_loops_ring, minmay_misc_feat_tiny, minmay_shop_damaged,
          kennysheep_small_square

Action                   || total
-------------------------++-------
Melee: Unarmed           ||     1
       Club              ||    14
       Tailslap          ||     1
       Flail             ||     9
Throw: Stone             ||     3
 Cast: Freeze            ||    54
       Frozen Ramparts   ||     7
       Ozocubu's Armour  ||     2
  Use: Scroll            ||     5
       Potion            ||     1
Armor: Skin              ||    12
Dodge: Dodged            ||    34

Table legend: (Time is in decaauts)
 A = Elapsed time spent in this place.
 B = Non-inter-level travel time spent in this place.
 C = Inter-level travel time spent in this place.
 D = Time resting spent in this place.
 E = Time spent auto-exploring this place.
 F = Levels seen in this place.
 G = Mean time per level.
                   A        B        C        D        E       F      G
               +--------+--------+--------+--------+--------+-----+--------+
         Total |   3575 |   3433 |    142 |    583 |   2146 |   5 |  715.0 |
       Dungeon |   3575 |   3433 |    142 |    583 |   2146 |   5 |  715.0 |
               +--------+--------+--------+--------+--------+-----+--------+

Top non-repeatable levels by time:
     D:1: 1629 daAuts
     D:2: 1034 daAuts
     D:4: 612 daAuts
     D:3: 241 daAuts
     D:5: 57 daAuts
